 Dungeon Crawl Stone Soup version 0.27-a0-1557-g57f10a385c (webtiles) character file.

Game seed: 12531376474739498218

26190 robertstho the Severer (level 12, -3/82 HPs)
             Began as a Minotaur Berserker on July 15, 2021.
             Was a High Priest of Trog.
             Killed from afar by a wretched star (11 damage)
             ... with a lance of force
             ... on level 3 of the Abyss.
             The game lasted 00:19:24 (13065 turns).

robertstho the Severer (Minotaur Berserker)        Turns: 13065, Time: 00:19:24

Health: -3/82      AC: 19    Str: 27 (28) XL:     12   Next: 96%
Magic:  8/8        EV: 13    Int:  8 (9)  God:    Trog [*****.]
Gold:   540        SH:  5    Dex:  4 (5)  Spells: 11/11 levels left

rFire    + + +     SeeInvis .   q - +0 war axe
rCold    + . .     Faith    .   (no shield)
rNeg     . . .     Spirit   .   A - +4 chain mail
rPois    .         Reflect  +   m - +3 hat of Pondering {ponderous, Will+ MP+10 Int+5}
rElec    .         Harm     .   p - scarf {rC+ rF+}
rCorr    .         Rampage  .   z - +0 pair of gloves
Will     +++..     Clarity  +   B - +0 pair of boots
Stlth    ..........             v - amulet "Uckadghuc" {Reflect rF+ MP-9 Str+4 SH+5}
HPRegen  1.23/turn              c - ring of protection from fire
MPRegen  0.11/turn              h - +4 ring of evasion

@: about to teleport, strong-willed, flying, regenerating, slow
A: horns 2, retaliatory headbutt, clarity, [berserk 2], [clumsy 2], [deformed
body], [deterioration 2], [frail 3], [low mp 3], [screaming 2], [weak 2], [no
potion heal 2], [subdued magic 1]
a: Renounce Religion, Berserk, Trog's Hand, Brothers in Arms


You were on level 3 of the Abyss.
You worshipped Trog.
Trog was extremely pleased with you.
You visited 1 branch of the dungeon, and saw 13 of its levels.
You visited the Abyss 1 time.

You collected 1143 gold pieces.
You spent 603 gold pieces at shops.

Inventory:

Hand Weapons
 q - a +0 war axe (weapon)
 t - a +2 dire flail of freezing
Missiles
 o - 3 throwing nets (quivered)
 w - 2 curare-tipped darts
Armour
 a - a +0 cloak
 m - the +3 hat of Pondering (worn) {ponderous, Will+ MP+10 Int+5}
   (You found it on level 4 of the Dungeon)

   Int:       It affects your intelligence (+5).
   MP:        It affects your magic capacity (+10).
   Will:      It increases your willpower.
 p - a scarf of resistance (worn)
 z - a +0 pair of gloves (worn)
 A - a +4 chain mail (worn)
 B - a +0 pair of boots (worn)
Jewellery
 c - a ring of protection from fire (left hand)
 h - a +4 ring of evasion (right hand)
 s - a ring of protection from cold
 v - the amulet "Uckadghuc" (around neck) {Reflect rF+ MP-9 Str+4 SH+5}
   (You bought it in a shop on level 11 of the Dungeon)

   [amulet of reflection]

   It reflects blocked missile attacks.
   Str:       It affects your strength (+4).
   rF:        It protects you from fire.
   MP:        It affects your magic capacity (-9).
   SH:        It affects your SH (+5).
Wands
 f - a wand of iceblast (19)
 x - a wand of acid (17)
Scrolls
 b - a scroll of blinking
 i - 2 scrolls of teleportation
 j - 4 scrolls of summoning
 l - 3 scrolls of holy word
 n - a scroll of enchant armour
 r - 3 scrolls of enchant weapon
 u - a scroll of fear
 y - a scroll of brand weapon
 E - 3 scrolls of magic mapping
 G - a scroll of identify
 I - a scroll of acquirement {unknown}
Potions
 d - 3 potions of mutation
 e - 3 potions of flight
 g - a potion of haste
 k - 2 potions of heal wounds
 C - a potion of lignification {unknown}
 D - 5 potions of curing {unknown}
 F - 2 potions of attraction {unknown}
 H - a potion of berserk rage {unknown}


   Skills:
 * Level 14.6 Fighting
 + Level 15.1 Axes
 * Level 13.4 Armour
 + Level 5.6 Dodging
 + Level 4.3 Shields


You had 11 spell levels left.
You didn't know any spells.
Your spell library was empty.

Dungeon Overview and Level Annotations

Branches:
Dungeon (13/15)            Temple (0/1) D:6            Lair (0/6) D:11
    Orc (0/2) D:9
 Vaults: D:13-14

Altars:
Fedhas
Gozag
Kikubaaqudgha
Makhleb

Shops:
D:11 =[([

Portals:
Trove: D:11 (give +2 gold dragon scales)

Annotations:
D:3 2 transporters, Sin92's ghost, amateur DsFi
D:8 3 runed translucent doors, DemonSlayer's ghost, novice HuBe; Spaninq's ghost, journeyman TrCK
D:11 exclusion: 2 oklob plants


Innate Abilities, Weirdness & Mutations

You have a pair of horns on your head.
You reflexively headbutt those who attack you in melee.
You possess an exceptional clarity of mind.
[You often lose your temper in combat.]
[You are very clumsy. (Dex -4)]
[Armour fits poorly on your strangely shaped body.]
[Your body often deteriorates upon taking damage.]
[You are extremely frail. (-30% HP)]
[Your magical capacity is extremely low. (-30% MP)]
[You frequently scream uncontrollably at your foes.]
[You are very weak. (Str -4)]
[Potions cannot restore your health.]
[Your spells are a little easier to cast, but a little less powerful.]


Message History

Unknown command.
You feel sick.
The wretched star glows turbulently.
The lance of force misses you.
Unknown command.
You feel sick.
You feel sick.
You slice the wretched star!!
The wretched star is moderately damaged.
The wretched star pulses with an eldritch light!
You feel the urge to shout.
You feel a strong urge to scream.
Unknown command.
You hit the wretched star but do no damage.
Your headbutt misses the wretched star.
The wretched star is moderately damaged.
You feel sick.
The raiju bursts into living lightning!
The living lightning misses the wretched star.
The living lightning hits you!!
* * * LOW HITPOINT WARNING * * *
Your body deteriorates!
You feel weakened.
The raiju blinks! x3
It was a potion of mutation.
You feel extremely strange.
Your thoughts seem clearer.
You feel sick.
The wretched star glows turbulently.
The lance of force hits you!
* * * LOW HITPOINT WARNING * * *
You are knocked back by the lance of force.
You slam into the crystal wall!
It was a potion of flight.
You feel very buoyant.
You fly up into the air.
You feel sick.
The wretched star pulses with an eldritch light!
You feel clumsy. x2
It was a potion of heal wounds.
That seemed strangely inert.
You feel sick.
You are no longer poisoned.
The wretched star glows turbulently.
The lance of force hits you!
You die...

### .#
≈.# ##.
## #
..#h# #.
.#
.*..2..
#
#.#.#.#.
.# # ##.
#. ≈##
.#
#h#.####
##..
#2#.# ##
. ##*##
#@## ###


You could see a green death, a wretched star and a raiju.

Vanquished Creatures
  A great orb of eyes (Abyss:3)
  2 centaur warriors (D:13)
  4 two-headed ogres
  A wizard (D:13)
  Pikel (D:6)
  An ugly thing (D:12)
  An orc knight (D:12)
  An orc sorcerer (D:12)
  A manticore (D:13)
  Maurice (D:8)
  A cyclops (D:11)
  A gargoyle (D:13)
  Maggie (D:6)
  3 komodo dragons
  A troll (D:11)
  A troll (shapeshifter) (D:13)
  9 slime creatures
  5 flying skulls (Abyss:3)
  A meliai zombie (D:11)
  3 wyverns
  4 wraiths
  15 humans (D:13)
  A vampire (D:12)
  A steam dragon (D:9)
  15 yaks
  A basilisk (D:12)
  2 vampire mosquitoes (D:12)
  4 acid dragons
  A water moccasin (D:8)
  A hornet zombie (D:6)
  3 orc warriors
  2 sky beasts (D:6)
  5 ice beasts
  A black bear (D:6)
  6 centaurs
  A bullfrog (D:7)
  3 kobold brigands
  8 killer bees
  6 howler monkeys
  17 wights
  3 bullfrog zombies
  10 starcursed masses (Abyss:3)
  2 centaur zombies
  3 hounds
  3 jellies
  A centaur skeleton (D:6)
  2 orc priests
  A gnoll shaman (D:7)
  3 iguanas
  Natasha (thrice) (D:2)
  5 orc wizards
  4 small abominations (Abyss:3)
  Robin (D:2)
  20 gnolls
  5 adders
  2 howler monkey skeletons (D:7)
  A shadow imp (D:7)
  A white imp (D:7)
  An ufetubus (D:6)
  An adder zombie (D:5)
  A worm (D:2)
  A dart slug (D:5)
  18 orcs
  5 ball pythons
  3 bats
  5 endoplasms
  A giant cockroach (D:4)
  5 hobgoblins
  12 jackals
  3 quokkas
  2 frilled lizards
  11 goblins
  14 kobolds
  4 rats
294 creatures vanquished.

Vanquished Creatures (collateral kills)
  A hydra (D:11)
  A wretched star (Abyss:3)
  A troll (D:9)
3 creatures vanquished.

Vanquished Creatures (others)
  A plant (D:1)
  6 withered plants (D:8)
7 creatures vanquished.

Grand Total: 304 creatures vanquished

Notes
Turn   | Place    | Note
-------+----------+-------------------------------------------
     0 | D:1      | robertstho the Minotaur Berserker began the quest for the
                  | Orb.
     0 | D:1      | Reached XP level 1. HP: 19/19 MP: 0/0
   362 | D:1      | Reached XP level 2. HP: 27/27 MP: 1/1
   482 | D:1      | Found a faded altar of an unknown god.
   703 | D:1      | Reached skill level 4 in Axes
  1117 | D:2      | Noticed Robin
  1129 | D:2      | Killed Robin
  1130 | D:2      | Reached XP level 3. HP: 7/34 MP: 2/2
  1132 | D:2      | HP: 2/51 [adder (1)]
  1599 | D:2      | Reached XP level 4. HP: 41/41 MP: 3/3
  1634 | D:2      | Noticed Natasha
  1641 | D:2      | Killed Natasha
  1642 | D:2      | Reached skill level 5 in Fighting
  1870 | D:2      | Noticed Natasha
  1876 | D:2      | Killed Natasha
  1882 | D:2      | Noticed Natasha
  1893 | D:2      | Killed Natasha
  1894 | D:2      | Reached XP level 5. HP: 47/48 MP: 4/4
  2041 | D:2      | Reached skill level 5 in Axes
  2351 | D:3      | Found a transporter.
  2355 | D:3      | Noticed Sin92's ghost (amateur DsFi)
  2368 | D:3      | Found a transporter.
  2382 | D:3      | Reached ** piety under Trog
  3091 | D:4      | Found the +3 hat of Pondering {ponderous, Will+ MP+10
                  | Int+5}
  3225 | D:4      | You fall into a shaft and drop 1 floor!
  3225 | D:5      | Entered Level 5 of the Dungeon
  3310 | D:5      | Reached XP level 6. HP: 36/57 MP: 5/5
  3739 | D:5      | Reached skill level 6 in Axes
  3790 | D:5      | Noticed an ice beast
  3800 | D:5      | Killed an ice beast
  3808 | D:5      | Reached XP level 7. HP: 62/64 MP: 6/6
  3920 | D:5      | Noticed a wyvern
  3928 | D:5      | Killed a wyvern
  4100 | D:5      | Reached skill level 5 in Armour
  4282 | D:6      | Reached skill level 7 in Axes
  4375 | D:6      | Found a blossoming altar of Fedhas.
  4421 | D:6      | Reached XP level 8. HP: 73/73 MP: 7/7
  4518 | D:6      | Reached *** piety under Trog
  4575 | D:6      | Noticed Pikel
  4582 | D:6      | Killed Pikel
  4583 | D:6      | Reached skill level 8 in Axes
  4884 | D:6      | Found a staircase to the Ecumenical Temple.
  4912 | D:6      | Reached skill level 9 in Axes
  5008 | D:6      | Noticed Maggie
  5020 | D:6      | Killed Maggie
  5021 | D:6      | Reached XP level 9. HP: 83/83 MP: 8/8
  5666 | D:7      | Reached skill level 10 in Axes
  6004 | D:7      | Reached skill level 5 in Dodging
  6319 | D:8      | Reached **** piety under Trog
  6333 | D:8      | Reached skill level 10 in Fighting
  6915 | D:8      | Found a runed translucent gate.
  6915 | D:8      | Found a runed translucent gate.
  6915 | D:8      | Found a runed translucent gate.
  6915 | D:8      | Noticed DemonSlayer's ghost (novice HuBe)
  6916 | D:8      | Noticed Spaninq's ghost (journeyman TrCK)
  6925 | D:8      | Noticed Maurice
  6938 | D:8      | Killed Maurice
  6939 | D:8      | Reached XP level 10. HP: 93/94 MP: 9/9
  7388 | D:9      | Found a staircase to the Orcish Mines.
  7390 | D:9      | Reached skill level 1 in Shields
  7473 | D:9      | Found an opulent altar of Gozag.
  7473 | D:9      | Found a burning altar of Makhleb.
  7952 | D:9      | Reached skill level 11 in Axes
  8422 | D:9      | Reached skill level 10 in Armour
  8760 | D:10     | Entered Level 10 of the Dungeon
  8760 | D:10     | Noticed a two-headed ogre
  8771 | D:10     | Killed a two-headed ogre
  8937 | D:10     | Found a portal to a secret trove of treasure.
  8948 | D:10     | Noticed a two-headed ogre
  8958 | D:10     | Killed a two-headed ogre
  9167 | D:10     | Noticed a two-headed ogre
  9175 | D:10     | Killed a two-headed ogre
  9176 | D:10     | Reached XP level 11. HP: 102/102 MP: 10/10
  9338 | D:10     | Found an ancient bone altar of Kikubaaqudgha.
  9977 | D:11     | Reached skill level 12 in Axes
 10084 | D:11     | Found a staircase to the Lair.
 10084 | D:11     | Noticed an oklob plant
 10143 | D:11     | Reached ***** piety under Trog
 10217 | D:11     | Noticed an oklob plant
 10413 | D:11     | Found a portal to a secret trove of treasure.
 10508 | D:11     | Found Tyame's Antique Armour Shoppe.
 10511 | D:11     | Found Gailinog's Armour Shoppe.
 10511 | D:11     | Found Ucudown's Jewellery Shoppe.
 10513 | D:11     | Found Ziupus's Antique Weapon Shoppe.
 10518 | D:11     | Noticed a seven-headed hydra
 10524 | D:11     | Killed a seven-headed hydra
 10565 | D:11     | Bought the amulet "Uckadghuc" {Reflect rF+ MP-9 Str+4 SH+5}
                  | for 603 gold pieces
 10686 | D:11     | Noticed a two-headed ogre
 10694 | D:11     | Killed a two-headed ogre
 11132 | D:12     | Noticed a green ugly thing
 11143 | D:12     | Killed a green ugly thing
 11144 | D:12     | Reached skill level 13 in Axes
 11287 | D:12     | Noticed an orc sorcerer
 11288 | D:12     | Noticed an orc knight
 11295 | D:12     | Killed an orc sorcerer
 11307 | D:12     | Killed an orc knight
 11989 | D:12     | Reached XP level 12. HP: 115/115 MP: 11/11
 12153 | D:13     | Noticed a centaur warrior
 12162 | D:13     | Killed a centaur warrior
 12246 | D:13     | Reached skill level 14 in Axes
 12370 | D:13     | Noticed a centaur warrior
 12382 | D:13     | Killed a centaur warrior
 12648 | D:13     | Cast into level 3 of the Abyss (a wizard)
 12656 | Abyss:3  | Noticed a starcursed mass
 12663 | Abyss:3  | Paralysed by accursed screaming for 1 turns
 12675 | Abyss:3  | Killed a starcursed mass
 12699 | Abyss:3  | Noticed a great orb of eyes
 12705 | Abyss:3  | Killed a great orb of eyes
 12706 | Abyss:3  | Reached skill level 15 in Axes
 12711 | Abyss:3  | Noticed a starcursed mass
 12721 | Abyss:3  | Paralysed by accursed screaming for 1 turns
 12741 | Abyss:3  | Killed a starcursed mass
 12930 | Abyss:3  | Noticed a balrug
 13045 | Abyss:3  | Noticed a green death
 13063 | Abyss:3  | Gained mutation: You possess an exceptional clarity of
                  | mind. [potion of mutation]
 13065 | Abyss:3  | Killed from afar by a wretched star

Illustrated notes

Levels and vault maps discovered:
D:1:      ebering_trefoil_twist, layout_loops_corners,
          chequers_ecumenical_altar_grove, serial_bayou_ford_a,
          minmay_liquid_box
D:2:      kennysheep_big_flooded_room, layout_basic, uniq_natasha, uniq_robin
D:3:      layout_basic, gammafunk_ghost_stat_death, minivault_14,
          hangedman_decor_diamond_cutter, chequers_serial_rivers_small_b,
          minmay_tree_intersection, bh_walls_and_bars
D:4:      layout_loops_cross
D:5:      layout_loops_ring
D:6:      layout_rooms, general_overflow_altar, temple_statues, uniq_pikel,
          uniq_maggie
D:7:      layout_basic
D:8:      layout_gridville, gammafunk_ghost_cemetery, uniq_maurice
D:9:      layout_grid_maze, jmf_multi_god_temple, david_orc_3
D:10:     layout_roguey, kiku_gazebo_pond_becter, enter_trove_1
D:11:     layout_cross, dpeg_oklobed_lair, enter_trove_6,
          minmay_shop_grid_forest, minmay_circle_x
D:12:     layout_cave_pools
D:13:     layout_stronghold, grunt_vaults_entry_tiered, minmay_evil_grid
Abyss:3:  base: D:7, nicolae_abyss_rune_star_stuff, evilmike_abyss_exit_17

Skill      XL: |  1  2  3  4  5  6  7  8  9 10 11 12 |
---------------+-------------------------------------+-----
Fighting       | 4 5 6 7 9 10 11 13 14 | 14.6
Axes           | 4 5 6 7 9 10 11 13 15 | 15.1
Armour         | 3 4 5 7 9 11 12 13 | 13.4
Dodging        | 3 4 5 |  5.6
Shields        | 2 3 4 |  4.3

Action                   |  1- 3 |  4- 6 |  7- 9 | 10-12 || total
-------------------------+-------+-------+-------+-------++-------
Melee: Hand axe          |    63 |   138 |    50 |       ||   251
       Headbutt          |     5 |    23 |    53 |    80 ||   161
       War axe           |       |       |   202 |   432 ||   634
Invok: Berserk           |     2 |     5 |    11 |    17 ||    35
       Trog's Hand       |       |       |     1 |     2 ||     3
       Brothers in Arms  |       |       |       |     3 ||     3
  Use: Scroll            |     2 |     1 |     3 |     9 ||    15
       Potion            |       |       |       |     3 ||     3
 Stab: Distracted        |       |     1 |       |     1 ||     2
Armor: Animal skin       |     7 |     4 |       |       ||    11
       Ring mail         |       |    56 |    86 |       ||   142
       Plate armour      |       |       |    13 |   133 ||   146
       Chain mail        |       |       |       |   128 ||   128
Dodge: Dodged            |    48 |    78 |   117 |   210 ||   453
Block: Other             |       |       |    12 |    85 ||    97

Table legend: (Time is in decaauts)
 A = Elapsed time spent in this place.
 B = Non-inter-level travel time spent in this place.
 C = Inter-level travel time spent in this place.
 D = Time resting spent in this place.
 E = Time spent auto-exploring this place.
 F = Levels seen in this place.
 G = Mean time per level.
                   A        B        C        D        E       F      G
               +--------+--------+--------+--------+--------+-----+--------+
         Total |  13864 |  13622 |    242 |   1871 |   9581 |  14 |  990.3 |
       Dungeon |  13443 |  13201 |    242 |   1654 |   9581 |  13 | 1034.1 |
         Abyss |    421 |    421 |      0 |    217 |      0 |   1 |  421.0 |
               +--------+--------+--------+--------+--------+-----+--------+

Top non-repeatable levels by time:
     D:9: 1557 daAuts
     D:2: 1322 daAuts
    D:10: 1290 daAuts
    D:11: 1214 daAuts
     D:5: 1142 daAuts
     D:8: 1116 daAuts
     D:6: 1115 daAuts
     D:7: 1110 daAuts
    D:12: 1002 daAuts
     D:1: 977 daAuts
     D:3: 836 daAuts
    D:13: 599 daAuts
 Abyss:3: 421 daAuts
     D:4: 157 daAuts
